 Dungeon Crawl Stone Soup version 0.29-a0-321-gf1c400731a (webtiles) character file.

Game seed: 1843050928142790106

103 quinnr the Gusty (level 4, -1/24 HPs)
             Began as a Tengu Air Elementalist on Apr 4, 2022.
             Killed from afar by Ijyb (9 damage)
             ... with a puff of flame
             ... on level 3 of the Dungeon.
             The game lasted 00:06:20 (3161 turns).

quinnr the Gusty (Tengu Air Elementalist)           Turns: 3161, Time: 00:06:20

Health: -1/24      AC:  3    Str:  8    XL:     4   Next: 79%
Magic:  3/8        EV: 12    Int: 17    God:
Gold:   105        SH:  0    Dex: 15    Spells: 0/7 levels left

rFire   . . .      SeeInvis .   (no weapon)
rCold   . . .      Faith    .   (no shield)
rNeg    . . .      Spirit   .   a - +0 robe
rPois   .          Reflect  .   (helmet restricted)
rElec   .          Harm     .   (no cloak)
rCorr   .          Rampage  .   f - +0 pair of gloves
Will    .....                   (boots unavailable)
Stlth   ++........              (no amulet)
HPRegen 0.08/turn               (no ring)
MPRegen 0.11/turn               (no ring)

@: no status effects
A: beak, talons 3
a: no special abilities


You were on level 3 of the Dungeon.
You visited 1 branch of the dungeon, and saw 3 of its levels.

You collected 105 gold pieces.

Inventory:

Missiles
 h - 7 poisoned darts
Armour
 a - a +0 robe (worn)
 f - a +0 pair of gloves (worn)
Scrolls
 c - 2 scrolls of teleportation {unknown}
 e - a scroll of fear {unknown}
 g - a scroll of summoning {unknown}
 i - a scroll of identify
 k - a scroll of fog {unknown}
 n - a scroll of blinking {unknown}
 o - a scroll of enchant weapon {unknown}
 q - a scroll of immolation {unknown}
 r - a scroll of brand weapon {unknown}
 t - a scroll of amnesia {unknown}
Potions
 b - a potion of magic
 d - a potion of haste {unknown}
 j - a potion of flight {unknown}
 l - 2 potions of might {unknown}
 m - a potion of curing {unknown}
 p - a potion of degeneration {unknown}
 s - a potion of attraction {unknown}


   Skills:
 - Level 2.2 Dodging
 - Level 2.0 Stealth
 - Level 2.0 Spellcasting
 - Level 1.4 Conjurations
 + Level 7.1 Air Magic


You couldn't memorise any spells.
You knew the following spells:

 Your Spells              Type           Power      Damage    Failure   Level
a - Shock                 Conj/Air       64%        1d7       3%          1
b - Airstrike             Air            12%        N/A       11%         4
c - Static Discharge      Conj/Air       16%        N/A       4%          2

Your spell library contained the following spells:

 Spells                   Type           Power      Damage    Failure   Level
 Swiftness                Air            25%        N/A       3%          3
 Iskenderun's Battlesphe  Conj           6%         2d6       97%         5
 Fireball                 Conj/Fire      2%         3d4       99%         5
 Conjure Ball Lightning   Conj/Air       8%         3x3d6     99%         6
 Orb of Destruction       Conj           3%         9d5       100%        7


Dungeon Overview and Level Annotations

Branches:
Dungeon (3/15)

Altars:
Nemelex Xobeh

Shops:
D:1 (

Annotations:
D:3 Grinder, Ijyb


Innate Abilities, Weirdness & Mutations

You have a beak for a mouth.
You have claws for feet.


Message History

Ijyb the Twisted Goblin comes into view.
She is wielding a +0 club and carrying a wand of flame (15).
Casting: Shock (safe; 3% risk of failure)
Confirm with . or Enter, or press ? or * to list all spells.
The spell is extremely dangerous to miscast (11% risk of failure)!
Continue anyway?
Aiming: Airstrike (extremely dangerous; 11% risk of failure)
Press: ? - help, Dir - move target, f - Ijyb
Aim: Ijyb, wielding a +0 club, wearing a +0 leather armour and carrying a wand of flame (15) (asleep, empty space bonus: 4/8)
The air twists around and strikes Ijyb!
Ijyb shouts!
Ijyb is moderately wounded.
Ijyb zaps a wand.
The puff of flame hits you.
Found 5 gold pieces.
Ijyb screams, "You nasty!
Big nasty!"
You barely miss Ijyb. You claw Ijyb, but do no damage.
Ijyb is moderately wounded.
Ijyb hits you with a +0 club.
You closely miss Ijyb.
Ijyb is moderately wounded.
Ijyb zaps a wand.
The puff of flame hits you!
You are too injured to fight recklessly!
Unknown command.
Casting: Airstrike (extremely dangerous; 11% risk of failure)
Confirm with . or Enter, or press ? or * to list all spells.
Aiming: Shock (safe; 3% risk of failure)
Press: ? - help, Shift-Dir - straight line, p - Ijyb The zap hits Ijyb but does no damage.
Ijyb is moderately wounded.
The zap hits Ijyb.
Ijyb is moderately wounded.
Ijyb zaps a wand.
The puff of flame misses you.
Casting: Shock (safe; 3% risk of failure)
Confirm with . or Enter, or press ? or * to list all spells.
Aiming: Shock (safe; 3% risk of failure)
Press: ? - help, Shift-Dir - straight line The zap hits Ijyb.
Ijyb is heavily wounded.
The zap hits Ijyb but does no damage.
Ijyb is heavily wounded.
Ijyb zaps a wand.
The puff of flame hits you!
You die...

#.#.#.# #.#.#.#
#.#.#.#
#.#.#.######
#..........#
#..........#
######..........#
...........######
.....#..@##
.....#..g#
............
.$...........
....#########
####


You could see Ijyb.

Vanquished Creatures
  4 adders (D:2)
  2 dart slugs
  7 ball pythons
  8 bats
  4 endoplasms (D:2)
  6 giant cockroaches (D:2)
  4 goblins
  9 hobgoblins
  4 kobolds
  2 quokkas (D:1)
  4 frilled lizards
  5 rats
59 creatures vanquished.

Notes
Turn   | Place    | Note
-------+----------+-------------------------------------------
     0 | D:1      | quinnr the Tengu Air Elementalist began the quest for the
                  | Orb.
     0 | D:1      | Reached XP level 1. HP: 10/10 MP: 4/4
   191 | D:1      | Reached XP level 2. HP: 15/15 MP: 0/6
   328 | D:1      | Reached skill level 5 in Air Magic
   378 | D:1      | Found Poyfiema's Weapon Shop.
   758 | D:1      | Found a faded altar of an unknown god.
   861 | D:1      | Reached XP level 3. HP: 19/19 MP: 4/7
  1281 | D:2      | Found a sparkling altar of Nemelex Xobeh.
  1545 | D:2      | Reached skill level 6 in Air Magic
  1713 | D:2      | Reached XP level 4. HP: 20/24 MP: 0/8
  2444 | D:2      | Reached skill level 7 in Air Magic
  2742 | D:3      | Noticed Grinder
  2748 | D:3      | Paralysed by Grinder for 4 turns
  2753 | D:3      | quinnr: @?grinder
  2753 | D:3      | beem: Grinder (5)
                  | Spd:
    10 | HD: 6    | HP: 33-44
                  | AC/EV:
                  | 3/11
                  | Dam: 11(pain)
                  | demonic, items, doors, evil
                  | Res:
                  | will(20), cold++, poison, miasma, neg+++, torm
                  | Vul: holy,
                  | silver
                  | XP: 277
                  | Sp: pain (d14) [!sil], paralyse [!sil],
                  | blink [!sil]
                  | Sz: little
                  | Int: human.
  2759 | D:3      | Paralysed by Grinder for 6 turns
  2765 | D:3      | HP: 2/24 [Grinder (5)]
  3043 | D:2      | Learned a level 4 spell: Airstrike
  3046 | D:2      | Learned a level 2 spell: Static Discharge
  3152 | D:3      | Noticed Ijyb
  3161 | D:3      | Killed from afar by Ijyb

Illustrated notes

Levels and vault maps discovered:
D:1:      lightli_molten_gateway, layout_basic, basic_ecumenical_altar,
          serial_shops, nicolae_shop_trees, minmay_pentomino_p2
D:2:      minmay_general_purpose_star, layout_basic, basic_altar,
          minmay_diced_spiral
D:3:      layout_basic, hellmonk_ghost_happy_afterlife, uniq_ijyb, uniq_grinder,
          uniq_terence

Skill      XL: |  1  2  3  4 |
---------------+-------------+-----
Air Magic      | 5 6 7 |  7.1
Dodging        | |  2.2
Stealth        | |  2.0
Spellcasting   | |  2.0
Conjurations   | |  1.4

Action                   |  1- 3 |  4- 6 || total
-------------------------+-------+-------++-------
Melee: Unarmed           |       |     9 ||     9
       Kick              |       |     3 ||     3
       Peck              |       |     1 ||     1
 Cast: Shock             |    72 |    60 ||   132
       Airstrike         |       |     1 ||     1
  Use: Scroll            |       |     1 ||     1
       Potion            |       |     1 ||     1
Armor: Robe              |     8 |       ||     8
Dodge: Dodged            |    17 |    12 ||    29

Table legend: (Time is in decaauts)
 A = Elapsed time spent in this place.
 B = Non-inter-level travel time spent in this place.
 C = Inter-level travel time spent in this place.
 D = Time resting spent in this place.
 E = Time spent auto-exploring this place.
 F = Levels seen in this place.
 G = Mean time per level.
                   A        B        C        D        E       F      G
               +--------+--------+--------+--------+--------+-----+--------+
         Total |   3161 |   3071 |     90 |    247 |   2418 |   3 | 1053.7 |
       Dungeon |   3161 |   3071 |     90 |    247 |   2418 |   3 | 1053.7 |
               +--------+--------+--------+--------+--------+-----+--------+

Top non-repeatable levels by time:
     D:2: 2041 daAuts
     D:1: 920 daAuts
     D:3: 200 daAuts
